 Dungeon Crawl Stone Soup version 0.20-a0-971-g5896763 (webtiles) character file.

3219 Firecrotchwizard the Cleaver (level 9, -20/121 HPs)
             Began as a Minotaur Berserker on Apr 8, 2017.
             Was an Elder of Trog.
             Demolished by a two-headed ogre
             ... wielding a +0 giant club
              (24 damage)
             ... on level 8 of the Dungeon.
             The game lasted 00:17:58 (7459 turns).

Firecrotchwizard the Cleaver (Minotaur Berserker)   Turns: 7459, Time: 00:17:58

Health: -20/121    AC: 13    Str: 27    XL:     9   Next: 65%
Magic:  0/8        EV: 11    Int:  4    God:    Trog [****..]
Gold:   357        SH:  8    Dex: 17    Spells: 8/8 levels left

rFire    . . .     SeeInvis .   w - +0 war axe
rCold    . . .     Gourm    .   u - +3 buckler
rNeg     . . .     Faith    .   y - +0 plate armour
rPois    .         Spirit   +   (helmet restricted)
rElec    .         Reflect  .   (no cloak)
rCorr    +         Harm     .   (no gloves)
MR       ++...                  (no boots)
Stlth    ..........             h - amulet of guardian spirit
Regen    1.3/turn               i - +4 ring of dexterity
MPRegen  0.2/turn               v - ring of resist corrosion

@: berserking (expiring), starving, regenerating, very quick
A: retaliatory headbutt, horns 2
a: Berserk, Trog's Hand, Brothers in Arms, Burn Spellbooks, Renounce Religion


You were on level 8 of the Dungeon.
You worshipped Trog.
Trog was greatly pleased with you.
You were starving.

You visited 1 branch of the dungeon, and saw 8 of its levels.

You collected 357 gold pieces.

Inventory:

Hand Weapons
 a - a +0 hand axe
 w - a +0 war axe (weapon)
Missiles
 b - 6 poisoned tomahawks (quivered)
Armour
 e - a +0 chain mail of cold resistance
 s - a +0 scale mail
 u - a +3 buckler (worn)
 y - a +0 plate armour (worn)
Jewellery
 h - an amulet of guardian spirit (around neck)
 i - a +4 ring of dexterity (left hand)
 t - a +1 ring of evasion
 v - a ring of resist corrosion (right hand)
Wands
 C - a wand of enslavement (13/24)
Scrolls
 f - 2 scrolls of fear
 l - 5 scrolls of teleportation
 n - 3 scrolls of identify
 x - a scroll of blinking
Potions
 g - 6 potions of curing
 j - 2 potions of magic
 k - 6 potions of agility
 m - a potion of ambrosia {unknown}
 o - a potion of heal wounds {unknown}
 q - 3 potions of brilliance
 r - a potion of haste {unknown}
 A - 3 potions of resistance {unknown}
 B - a potion of berserk rage {unknown}
 D - a potion of lignification {unknown}
Comestibles
 c - 6 bread rations
 p - 3 royal jellies
 z - 2 meat rations


   Skills:
 + Level 8.2 Fighting
 * Level 10.7 Axes
 + Level 7.4 Armour
 + Level 6.3 Dodging
 - Level 4.0 Shields


You had 8 spell levels left.
You didn't know any spells.

Dungeon Overview and Level Annotations

Branches:
Dungeon (8/15)             Temple (0/1) D:4
   Lair: D:8-11

Altars:
Ashenzari
Makhleb
Zin


Innate Abilities, Weirdness & Mutations

You reflexively headbutt those who attack you in melee.
You have a pair of horns on your head.


Message History

You miss something. Something hits you but does no damage.
You slash the two-headed ogre!
The two-headed ogre is almost dead.
You miss something.
The two-headed ogre hits you with a giant club!
* * * LOW HITPOINT WARNING * * *
The two-headed ogre hits you with a giant spiked club!
* * * LOW HITPOINT WARNING * * *
You slash the two-headed ogre!
The two-headed ogre is almost dead.
You closely miss something.
You hear some strange, mumbled words.
A magic dart appears from out of thin air!
The magic dart hits you!
* * * LOW HITPOINT WARNING * * *
You hit the two-headed ogre but do no damage.
The two-headed ogre is almost dead.
You miss something. Something hits you but does no damage.
The two-headed ogre hits you with a giant club!!
You die...

... ### .. ..(.
... ##. ...###.#
.. ......#.. # #
#....#.
..#.#.[...
#........#
#...†O<###..#
#....@{.....#
......))).##....
#.#...###)# ##
...... ... ..#..
.### ..... .#
.#.# .# ..


You could see a two-headed ogre.

Vanquished Creatures
  The ghost of Psyclone the Arsonist, a novice DEFE (D:7)
  Sigmund (D:3)
  The ghost of Elysium the Slasher, an amateur MiBe of Trog (D:4)
  Edmund (D:6)
  A water moccasin (D:7)
  A black bear (D:7)
  Purgy (D:3)
  An orc warrior (D:8)
  A phantom (D:4)
  An ice beast (D:8)
  5 ogres
  2 centaurs
  2 bullfrogs
  A howler monkey (D:4)
  6 hounds
  A jelly (D:5)
  6 orc wizards
  3 orc priests
  Jessica (D:3)
  2 iguanas
  Natasha (thrice) (D:3)
  5 worker ants
  A killer bee zombie (D:7)
  A howler monkey zombie (D:5)
  A mummy (D:5)
  A worker ant zombie (D:5)
  10 adders
  A shadow imp (D:7)
  3 oozes
  3 worms
  2 adder skeletons (D:4)
  2 dart slugs
  4 leopard geckos
  32 orcs
  6 giant cockroaches
  9 goblins
  9 hobgoblins
  8 jackals
  12 kobolds
  4 quokkas
  6 bats
  4 frilled lizards
  A kobold zombie (D:5)
  A leopard gecko skeleton (D:4)
  3 orc zombies (D:5)
  7 rats
178 creatures vanquished.

Notes
Turn   | Place    | Note
-------+----------+-------------------------------------------
     0 | D:1      | Firecrotchwizard the Minotaur Berserker began the quest for the Orb.
     0 | D:1      | Reached XP level 1. HP: 19/19 MP: 0/0
   193 | D:1      | Reached XP level 2. HP: 22/27 MP: 1/1
   796 | D:1      | Reached skill level 4 in Axes
   927 | D:2      | Reached XP level 3. HP: 33/33 MP: 2/2
   958 | D:2      | Reached ** piety under Trog
  1309 | D:2      | Found a shattered altar of Ashenzari.
  1557 | D:2      | Reached XP level 4. HP: 39/41 MP: 3/3
  2310 | D:3      | Noticed Sigmund
  2330 | D:3      | Killed Sigmund
  2330 | D:3      | Reached skill level 5 in Fighting
  2330 | D:3      | Reached skill level 5 in Axes
  2330 | D:3      | Reached XP level 5. HP: 31/48 MP: 4/4
  2330 | D:3      | Reached XP level 6. HP: 37/56 MP: 5/5
  2572 | D:3      | Reached skill level 6 in Axes
  2923 | D:3      | Noticed Jessica
  2928 | D:3      | Killed Jessica
  3223 | D:3      | Reached XP level 7. HP: 61/61 MP: 6/6
  3252 | D:3      | Noticed Purgy
  3265 | D:3      | Killed Purgy
  3308 | D:3      | Reached *** piety under Trog
  3328 | D:3      | Noticed Natasha
  3336 | D:3      | Killed Natasha
  3404 | D:3      | Noticed Natasha
  3414 | D:3      | Killed Natasha
  3576 | D:3      | Noticed Natasha
  3584 | D:3      | Killed Natasha
  3584 | D:3      | Reached skill level 7 in Axes
  3916 | D:4      | Noticed Elysium's ghost (amateur MiBe)
  3940 | D:4      | Killed Elysium's ghost
  3940 | D:4      | Reached skill level 5 in Armour
  4202 | D:4      | Found a staircase to the Ecumenical Temple.
  4319 | D:4      | Reached skill level 5 in Dodging
  4457 | D:4      | Reached XP level 8. HP: 70/70 MP: 7/7
  4551 | D:4      | Reached skill level 8 in Axes
  4602 | D:4      | Reached skill level 1 in Shields
  5045 | D:5      | Entered Level 5 of the Dungeon
  5179 | D:5      | Reached **** piety under Trog
  5618 | D:5      | Found a glowing silver altar of Zin.
  5931 | D:6      | Noticed Edmund
  5940 | D:6      | Killed Edmund
  5940 | D:6      | Reached skill level 9 in Axes
  6057 | D:6      | Found a burning altar of Makhleb.
  6654 | D:7      | Reached XP level 9. HP: 70/79 MP: 6/8
  7184 | D:7      | Noticed Psyclone's ghost (novice DEFE)
  7198 | D:7      | Killed Psyclone's ghost
  7198 | D:7      | Reached skill level 10 in Axes
  7442 | D:8      | Noticed a two-headed ogre
  7457 | D:8      | HP: 5/121 [two-headed ogre/giant club (13)]
  7459 | D:8      | Demolished by a two-headed ogre

Vault maps used:
D:1:      dpeg_arrival_rooms_b, minmay_misc_feat_tiny, minmay_misc_feat_hallway,
          minmay_cut_off
D:2:      nicolae_ashenzari_panopticon, first_bread, serial_glass,
          glass_columns_a, glass_columns_a, item_on_display_a,
          item_on_display_a, due_unseen_surprise, item_on_display_a
D:3:      uniq_purgy, uniq_jessica, uniq_natasha, uniq_sigmund
D:4:      kennysheep_six_static_rooms, minmay_temple_entry_steel_oval
D:5:      zin_statuary, st_stairs_10, minmay_mini_ossuary
D:6:      kennysheep_mini_moat, uniq_edmund
D:8:      cheibriados_altar_1, basic_altar, serial_shops, shop, the_bakery,
          uniq_maurice

Skill      XL: |  1  2  3  4  5  6  7  8  9 |
---------------+----------------------------+-----
Fighting       | 4 5 6 7 8 |  8.2
Axes           | 4 5 6 7 9 10 | 10.7
Armour         | 3 4 5 6 7 |  7.4
Dodging        | 3 4 5 6 |  6.3
Shields        | 4 |  4.0

Action                   |  1- 3 |  4- 6 |  7- 9 || total
-------------------------+-------+-------+-------++-------
Melee: Hand axe          |    73 |   129 |   218 ||   420
       Headbutt          |    11 |    14 |    82 ||   107
       War axe           |       |       |   110 ||   110
Throw: Tomahawk          |       |       |     4 ||     4
Invok: Trog's Hand       |       |     5 |     5 ||    10
       Berserk           |       |     1 |     1 ||     2
       Burn Spellbooks   |       |     1 |       ||     1
  Use: Scroll            |       |       |    12 ||    12
  Eat: Chunk             |     2 |     8 |     4 ||    14
       Meat ration       |       |       |     2 ||     2
Armor: Animal skin       |     3 |       |       ||     3
       Ring mail         |    25 |    30 |    13 ||    68
       Scale mail        |       |       |    17 ||    17
       Chain mail        |       |       |    72 ||    72
       Plate armour      |       |       |    27 ||    27
Dodge: Dodged            |    50 |    52 |   146 ||   248
Block: Buckler           |       |       |    65 ||    65
